 Dungeon Crawl Stone Soup version 0.17.0-28-g6e173f8 (webtiles) character file.

287 gorblad the Chiller (level 6, -14/45 HPs)
             Began as a Draconian Ice Elementalist on Nov 30, 2015.
             Demolished by an orc warrior
             ... wielding a +0 halberd
              (22 damage)
             ... on level 5 of the Dungeon.
             The game lasted 00:24:11 (4898 turns).

gorblad the Chiller (Draconian Ice Elementalist)    Turns: 4898, Time: 00:24:12

Health: -14/45     AC:  6    Str:  8 (10) XL:     6   Next: 8%
Magic:  8/12       EV: 12    Int: 17      God:
Gold:   140        SH:  0    Dex: 11 (12) Spells: 4 memorised, 3 levels left

rFire  . . .     SeeInvis .     s - +0 quarterstaff
rCold  . . .     Clarity  .     (armour unavailable)
rNeg   . . .     SustAt   .     (shield currently unavailable)
rPois  .         Gourm    +     (helmet restricted)
rElec  .         Spirit   .     (no cloak)
rCorr  .         Warding  .     (no gloves)
rMut   .         Stasis   .     (no boots)
MR     .....                    i - amulet of the gourmand
Stlth  ++........               (no ring)
                                (no ring)

@: slowed, very slow, not resistant to hostile enchantments, unstealthy
A: unfitting armour, cold-blooded, AC +6
a: no special abilities


You were on level 5 of the Dungeon.
You were very full.

You visited 1 branch of the dungeon, and saw 5 of its levels.

You collected 140 gold pieces.

Inventory:

Hand Weapons
 h - a +0 dagger
 s - a +0 quarterstaff (weapon)
Armour
 p - a +0 robe
Jewellery
 i - an amulet of the gourmand (around neck)
Wands
 o - a wand of fireball (13)
Scrolls
 j - 4 scrolls of identify
 l - 4 scrolls of remove curse
Potions
 f - a potion of might
 k - a potion of degeneration
 q - a potion of flight
Books
 a - a book of Frost

   Spells                             Type                      Level
   a - Freeze                         Ice                          1
   b - Throw Frost                    Conjuration/Ice              2
   c - Ozocubu's Armour               Charms/Ice                   3
   d - Throw Icicle                   Conjuration/Ice              4
   e - Summon Ice Beast               Ice/Summoning                4
   f - Condensation Shield            Ice                          4
Comestibles
 b - 2 bread rations
 n - a meat ration
 t - 2 beef jerkies


   Skills:
 - Level 1.7 Dodging
 - Level 1.7 Stealth
 - Level 4.0 Spellcasting
 + Level 3.5 Conjurations
 - Level 4.3 Ice Magic


You had 3 spell levels left.
You knew the following spells:

 Your Spells              Type           Power        Failure   Level  Hunger
a - Freeze                Ice            ###.         2%          1    None
b - Throw Frost           Conj/Ice       ###...       6%          2    ##.....
c - Ozocubu's Armour      Chrm/Ice       ##......     21%         3    ###....
d - Condensation Shield   Ice            ###.......   30%         4    ####...


Dungeon Overview and Level Annotations

Branches:
Dungeon (5/15)
 Temple: D:4-7

Altars:

Annotations:
D:4 Eustachio


Innate Abilities, Weirdness & Mutations

Your plain brown scales are hard (AC +6).
Your body does not fit into most forms of armour.
You are cold-blooded and may be slowed by cold attacks.


Message History

The orc warrior is heavily wounded.
The orc warrior closely misses you.
Casting: Freeze
Confirm with . or Enter, or press ? or * to list all spells.
Aiming: Freeze
Press: ? - help, Shift-Dir - straight line, f/p - orc warrior
Aim: an orc warrior, wielding a halberd and wearing a plate armour (heavily wounded)
You freeze the orc warrior.
The orc warrior is severely wounded.
The orc warrior hits you with a halberd!
* * * LOW HITPOINT WARNING * * *
Casting: Freeze
Confirm with . or Enter, or press ? or * to list all spells.
Aiming: Freeze
Press: ? - help, Shift-Dir - straight line, f/p - orc warrior
Aim: an orc warrior, wielding a halberd and wearing a plate armour (severely wounded)
You freeze the orc warrior.
The orc warrior is almost dead.
The orc warrior hits you with a halberd!!
You die...

.. ..# #. .$###
#. .... #. ...
#. ..# #. ..#
.###.#.#o.#
.......@..#
####...........
###..#.#####
#..#.# .... #
..#.# ....#
######


You could see an orc warrior.

Vanquished Creatures
  A worker ant (D:4)
  Jessica (D:2)
  An orc wizard (D:3)
  Robin (D:2)
  7 adders
  3 oozes
  A worm (D:2)
  5 giant geckos
  6 orcs (D:3)
  9 bats
  20 goblins
  13 hobgoblins
  6 jackals
  10 kobolds
  6 quokkas
  2 ball pythons
  4 giant cockroaches
  2 giant newts (D:1)
  8 rats
106 creatures vanquished.

Notes
Turn   | Place    | Note
--------------------------------------------------------------
     0 | D:1      | gorblad the Draconian Ice Elementalist began the quest for the Orb.
     0 | D:1      | Reached XP level 1. HP: 14/14 MP: 3/3
   434 | D:1      | Reached XP level 2. HP: 20/20 MP: 1/5
   877 | D:1      | Reached skill level 4 in Ice Magic
  1059 | D:1      | Reached XP level 3. HP: 24/26 MP: 3/6
  1292 | D:1      | Learned a level 2 spell: Throw Frost
  1987 | D:2      | Noticed Robin
  2065 | D:2      | Reached XP level 4. HP: 17/33 MP: 1/8
  2084 | D:2      | Killed Robin
  2468 | D:2      | Noticed Jessica
  2497 | D:2      | Killed Jessica
  2654 | D:2      | Reached XP level 5. HP: 32/38 MP: 7/10
  4697 | D:4      | Reached XP level 6. HP: 40/45 MP: 4/12
  4702 | D:4      | Learned a level 3 spell: Ozocubu's Armour
  4707 | D:4      | Learned a level 4 spell: Condensation Shield
  4741 | D:4      | Noticed Eustachio
  4778 | D:4      | HP: 2/45 [white imp[Eustachio] (3)]
  4855 | D:5      | Entered Level 5 of the Dungeon
  4898 | D:5      | Demolished by an orc warrior

Action                   |  1- 3 |  4- 6 || total
-------------------------+-------+-------++-------
Melee: Dagger            |    49 |    48 ||    97
       Quarterstaff      |       |    23 ||    23
 Cast: Freeze            |    55 |    69 ||   124
       Throw Frost       |    16 |    64 ||    80
  Use: Potion            |       |     7 ||     7
       Scroll            |       |    15 ||    15
 Stab: Sleeping          |       |     2 ||     2
  Eat: Chunk             |     9 |    16 ||    25
